 Dungeon Crawl Stone Soup version 0.26-a0-946-g9485abf61d (webtiles) character file.

Game seed: 4900332525074018407

186 Alado the Skirmisher (level 5, 0/42 HPs)
             Began as a Demonspawn Abyssal Knight on Nov 28, 2020.
             Was a Believer of Lugonu.
             Succumbed to a water moccasin's poison
             ... on level 2 of the Dungeon.
             The game lasted 00:09:39 (1841 turns).

Alado the Skirmisher (Demonspawn Abyssal Knight)    Turns: 1841, Time: 00:09:40

Health: 0/42       AC:  3    Str: 14    XL:     5   Next: 38%
Magic:  7/7        EV: 12    Int: 13    God:    Lugonu [**....]
Gold:   104        SH:  0    Dex: 12    Spells: 4/4 levels left

rFire    . . .     SeeInvis .   a - +1 spear
rCold    + . .     Faith    .   (no shield)
rNeg     . . .     Spirit   .   b - +0 leather armour
rPois    .         Reflect  .   (no helmet)
rElec    .         Harm     .   (no cloak)
rCorr    .         Rampage  .   (no gloves)
MR       .....                  (no boots)
Stlth    ++........             (no amulet)
HPRegen  0.14/turn              (no ring)
MPRegen  0.10/turn              (no ring)

@: lethally poisoned (0 -> -25)
A: talons 1, cold resistance 1, powered by death 1, sturdy frame 1
a: Depart the Abyss, Bend Space, Renounce Religion


You were on level 2 of the Dungeon.
You worshipped Lugonu.
Lugonu was pleased with you.
You visited 1 branch of the dungeon, and saw 2 of its levels.
You visited the Abyss 1 time.

You collected 104 gold pieces.

Inventory:

Hand Weapons
 a - a +1 spear (weapon)
Armour
 b - a +0 leather armour (worn)
Scrolls
 c - a scroll of teleportation
 d - 2 scrolls of identify
 e - a scroll of magic mapping
Potions
 f - 2 potions of haste


   Skills:
 + Level 4.0 Fighting
 + Level 3.2 Polearms
 + Level 2.1 Armour
 + Level 1.6 Dodging
 + Level 2.0 Stealth
 + Level 2.8 Invocations


You had 4 spell levels left.
You didn't know any spells.
Your spell library was empty.

Dungeon Overview and Level Annotations

Branches:
Dungeon (2/15)

Altars:


Innate Abilities, Weirdness & Mutations

You have sharp toenails.
Your flesh is cold resistant. (rC+)
You regenerate a little health from kills.
Your movements are slightly less encumbered by armour. (ER -2)


Message History

You feel sick. The water moccasin bites you.
* * * LOW HITPOINT WARNING * * *
You puncture the water moccasin!
You kill the water moccasin!
Lugonu accepts your kill.
* * * LOW HITPOINT WARNING * * *
You feel very sick.
Your Fighting skill increases to level 4!
Your Polearms skill increases to level 3!
Your Stealth skill increases to level 2!
You have reached level 5!
Your demonic ancestry asserts itself...
A wave of death washes over you.
Okay, then.
Okay, then.
There is a lethal amount of poison in your body!
* * * LOW HITPOINT WARNING * * *
You feel sick.
There is an open door here.
You die...

.......................###
.................####..#
.)...............# .#
...............).#### #
....................#
.###'#####+#+#......#
.............#...†..#
.###.#####.#.###'####
.###.# #@# .....#
#............
.###.#####.#.#...(......
........................
.###.#####.#.#.#.####...
..........(....... ..
.###.#####.#...#.# .
.###.# ..#...#.# .....#


There were no monsters in sight!

Vanquished Creatures
  A water moccasin (D:2)
  3 adders (D:2)
  An ooze (D:1)
  A worm (D:2)
  2 dart slugs
  3 leopard geckos (D:1)
  6 bats
  2 giant cockroaches (D:1)
  3 goblins
  3 hobgoblins
  2 jackals (D:2)
  5 kobolds (D:1)
  2 ball pythons
  2 frilled lizards (D:1)
  A rat (D:1)
37 creatures vanquished.

Notes
Turn   | Place    | Note
-------+----------+-------------------------------------------
     0 | Abyss:1  | Alado the Demonspawn Abyssal Knight began the quest for the
                  | Orb.
     0 | Abyss:1  | Reached XP level 1. HP: 18/18 MP: 2/2
     0 | D:1      | Escaped the Abyss
   162 | D:1      | Reached * piety under Lugonu
   227 | D:1      | Gained mutation: Your movements are slightly less
                  | encumbered by armour. (ER -2) [demonic ancestry]
   227 | D:1      | Reached XP level 2. HP: 23/24 MP: 4/4
   760 | D:1      | Gained mutation: Your flesh is cold resistant. (rC+)
                  | [demonic ancestry]
   760 | D:1      | Reached XP level 3. HP: 28/29 MP: 5/5
  1416 | D:2      | Reached skill level 1 in Dodging
  1698 | D:2      | Reached ** piety under Lugonu
  1699 | D:2      | Reached skill level 1 in Stealth
  1703 | D:2      | Gained mutation: You have sharp toenails. [demonic
                  | ancestry]
  1703 | D:2      | Reached XP level 4. HP: 34/37 MP: 6/6
  1829 | D:2      | Noticed a water moccasin
  1839 | D:2      | Killed a water moccasin
  1840 | D:2      | Reached skill level 4 in Fighting
  1840 | D:2      | Gained mutation: You regenerate a little health from kills.
                  | [demonic ancestry]
  1840 | D:2      | Reached XP level 5. HP: 3/42 MP: 7/7
  1840 | D:2      | HP: 2/42 [poisoned by a water moccasin]
  1841 | D:2      | Succumbed to a water moccasin's poison

Illustrated notes

Levels and vault maps discovered:
D:1:      dpeg_arrival_arbitrary_b, layout_loops_ring, serial_co_window_serial,
          co_window_paths_b, co_window_corner_a, co_window_of_opportunity_a,
          co_window_of_opportunity_a, co_window_paths_a, co_window_corner_a,
          co_window_corner_b, co_window_corner_b, co_window_cross_4,
          co_window_broadway_a, co_window_corner_ca, co_window_paths_e,
          glass_columns_a, glass_columns_b, glass_columns_c, minmay_tetromino_s4
D:2:      layout_basic

Skill      XL: |  1  2  3  4 |
---------------+-------------+-----
Armour         | 2 |  2.1
Polearms       | 2 3 |  3.2
Dodging        | 1 |  1.6
Stealth        | 1 2 |  2.0
Fighting       | 4 |  4.0
Invocations    | |  2.8

Action                   |  1- 3 |  4- 6 || total
-------------------------+-------+-------++-------
Melee: Spear             |   117 |    14 ||   131
       Kick              |       |     3 ||     3
Throw: Boomerang         |     3 |       ||     3
Invok: Depart the Abyss  |     1 |       ||     1
  Use: Scroll            |     3 |       ||     3
       Potion            |     2 |       ||     2
 Stab: Sleeping          |     5 |     1 ||     6
Armor: Leather armour    |    19 |     2 ||    21
Dodge: Dodged            |    51 |     3 ||    54

Table legend: (Time is in decaauts)
 A = Elapsed time spent in this place.
 B = Non-inter-level travel time spent in this place.
 C = Inter-level travel time spent in this place.
 D = Time resting spent in this place.
 E = Time spent auto-exploring this place.
 F = Levels seen in this place.
 G = Mean time per level.
                   A        B        C        D        E       F      G
               +--------+--------+--------+--------+--------+-----+--------+
         Total |   1827 |   1786 |     41 |    211 |   1325 |   3 |  609.0 |
       Dungeon |   1827 |   1786 |     41 |    211 |   1325 |   2 |  913.5 |
         Abyss |      0 |      0 |      0 |      0 |      0 |   1 |    0.0 |
               +--------+--------+--------+--------+--------+-----+--------+

Top non-repeatable levels by time:
     D:1: 1214 daAuts
     D:2: 612 daAuts
